 Dungeon Crawl Stone Soup version 0.20.1-1-g8b1a95d (webtiles) character file.

61 jojo4000 the Conjurer (level 3, -10/26 HPs)
             Began as a Demigod Conjurer on July 12, 2017.
             Killed from afar by an electric eel (11 damage)
             ... with a bolt of electricity
             ... on level 3 of the Dungeon.
             The game lasted 00:14:15 (1906 turns).

jojo4000 the Conjurer (Demigod Conjurer)            Turns: 1906, Time: 00:14:15

Health: -10/26     AC:  2    Str: 11    XL:     3   Next: 58%
Magic:  8/8        EV: 12    Int: 21    God:
Gold:   86         SH:  0    Dex: 16    Spells: 3/6 levels left

rFire    . . .     SeeInvis .   (no weapon)
rCold    . . .     Gourm    .   (no shield)
rNeg     . . .     Faith    .   a - +0 robe
rPois    .         Spirit   .   (no helmet)
rElec    .         Reflect  .   (no cloak)
rCorr    .         Harm     .   (no gloves)
MR       .....                  (no boots)
Stlth    ++........             (no amulet)
Regen    0.1/turn               (no ring)
MPRegen  0.2/turn               (no ring)

@: no status effects
A: high mp 1
a: no special abilities


You were on level 3 of the Dungeon.
You were not hungry.

You visited 1 branch of the dungeon, and saw 3 of its levels.

You collected 86 gold pieces.

Inventory:

Armour
 a - a +0 robe (worn)
Wands
 m - a wand of iceblast (10/15)
 r - a wand of flame (27/48)
Scrolls
 e - a scroll of remove curse {unknown}
 h - 2 scrolls of enchant weapon {unknown}
 i - 2 scrolls of identify {unknown}
 j - 2 scrolls of teleportation {unknown}
 l - 2 scrolls of immolation {unknown}
 n - a scroll of amnesia {unknown}
Potions
 d - 2 potions of curing {unknown}
 f - 2 potions of flight {unknown}
 g - a potion of invisibility {unknown}
 k - a potion of magic {unknown}
 p - a potion of resistance {unknown}
 q - a potion of heal wounds {unknown}
Books
 b - a book of Conjurations

   Spells                             Type                      Level
   a - Magic Dart                     Conjuration                  1
   b - Searing Ray                    Conjuration                  2
   c - Dazzling Spray                 Conjuration/Hexes            3
   d - Fulminant Prism                Conjuration/Hexes            4
   e - Force Lance                    Conjuration/Translocation    4
   f - Iskenderun's Mystic Blast      Conjuration                  4
Comestibles
 c - 2 bread rations
 o - 3 chunks of flesh


   Skills:
 + Level 0.1 Fighting
 + Level 1.9 Dodging
 + Level 1.9 Stealth
 + Level 2.1 Spellcasting
 + Level 4.6 Conjurations


You had 3 spell levels left.
You knew the following spells:

 Your Spells              Type           Power        Failure   Level  Hunger
a - Magic Dart            Conj           ###.         2%          1    #......
b - Searing Ray           Conj           ###...       3%          2    ##.....


Dungeon Overview and Level Annotations

Branches:
Dungeon (3/15)

Annotations:
D:3 1 transporter


Innate Abilities, Weirdness & Mutations

You have an increased reservoir of magic. (+10% MP)


Message History

Found a scroll labeled XODEISHR WAROUW.
i - 2 scrolls labeled XODEISHR WAROUW (gained 1)
There is a transporter here.
Unknown command.
You enter the transporter and appear at another place.
r - a wand of flame (?/48)
Casting: Magic Dart
Confirm with . or Enter, or press ? or * to list all spells.
You can't see any susceptible monsters within range! (Use Z to cast anyway.)
Casting: Magic Dart
Confirm with . or Enter, or press ? or * to list all spells.
You can't see any susceptible monsters within range! (Use Z to cast anyway.) As you open the door, it creaks loudly!
The electric eel shoots out a bolt of lightning at you!
The bolt of electricity hits you! x2
The electric eel shoots out a bolt of lightning at you!
The bolt of electricity hits you!
* * * LOW HITPOINT WARNING * * *
The bolt of electricity hits you!
You die...

.................>.#
#################..##
#################..^#
.#..................##
.#.###############...#
.#.#8P#≈≈≈≈≈;;#P8#.#.#
...#..#.......#..#...#
...#©:+...♣...'..#©..#
...#..#.......#.@#...#
...#8P#≈≈≈≈≈≈;#P8#...#
#..###############..##
#...................#
#.........#########.#
#########.# #.# #..#
#.. ##.# #.#. .# .##.


You could see 3 electric eels.

Vanquished Creatures
  3 adders
  A dart slug (D:2)
  A leopard gecko (D:1)
  2 ball pythons
  6 giant cockroaches
  2 goblins
  6 hobgoblins
  3 kobolds (D:2)
  2 quokkas (D:2)
  3 bats
  4 rats
33 creatures vanquished.

Notes
Turn   | Place    | Note
-------+----------+-------------------------------------------
     0 | D:1      | jojo4000 the Demigod Conjurer began the quest for the Orb.
     0 | D:1      | Reached XP level 1. HP: 14/14 MP: 5/5
   706 | D:1      | Reached skill level 4 in Conjurations
   706 | D:1      | Reached XP level 2. HP: 20/20 MP: 5/7
   990 | D:2      | Found a radiant altar of Vehumet.
  1152 | D:2      | Found a faded altar of an unknown god.
  1194 | D:2      | Found a shadowy altar of Dithmenos.
  1251 | D:2      | Reached XP level 3. HP: 26/26 MP: 0/8
  1539 | D:3      | Found a burning altar of Makhleb.
  1539 | D:3      | Noticed a balrug
  1542 | D:3      | Noticed an orange demon
  1542 | D:3      | Noticed an orange demon
  1589 | D:3      | Learned a level 2 spell: Searing Ray
  1729 | D:3      | Found a glowing golden altar of the Shining One.
  1778 | D:3      | Found an iron altar of Okawaru.
  1837 | D:3      | Found a transporter.
  1858 | D:3      | Found a transporter.
  1906 | D:3      | HP: 1/26 [electric eel/bolt of electricity (9)]
  1906 | D:3      | Killed from afar by an electric eel

Skill      XL: |  1  2 |
---------------+-------+-----
Conjurations   | 4 |  4.6
Spellcasting   | 2 |  2.1
Fighting       | |  0.1
Dodging        | |  1.9
Stealth        | |  1.9

Action                   || total
-------------------------++-------
 Cast: Magic Dart        ||    66
       Searing Ray       ||     3
  Eat: Chunk             ||     4
Armor: Robe              ||     1
Dodge: Dodged            ||    14
